 Dungeon Sprint DCSS version 0.29-a0-717-g6dac4ea423 (webtiles) character file.

Game seed: 4855717050110933227

25431 mhtbhm the Ninja (level 12, -33/65 HPs)
             Began as a Spriggan Enchanter on June 26, 2022.
             Was the Champion of Dithmenos.
             Shot with an arrow by a deep elf master archer (38 damage)
             ... in the Dungeon (Sprint I: "Red Sonja").
             The game lasted 00:17:49 (3612 turns).

mhtbhm the Ninja (Spriggan Enchanter)               Turns: 3612, Time: 00:17:50

Health: -33/65     AC:  5    Str:  4 (6)  XL:     12   Next: 89%
Magic:  23/26      EV: 29    Int: 16 (17) God:    Dithmenos [******]
Gold:   1900       SH:  0    Dex: 20      Spells: 26/41 levels left

rFire   + . .      SeeInvis +   r - +8 quick blade of Heibekka {venom, rPois rC- Will+ Str+4}
rCold   x . .      Faith    .   (no shield)
rNeg    . . .      Spirit   .   b - +0 robe
rPois   +          Reflect  .   (helmet restricted)
rElec   .          Harm     .   (no cloak)
rCorr   .          Rampage  .   (gloves unavailable)
Will    +++..      Rage     9%  (boots unavailable) Stlth *********+ NoTele +
                                (no amulet)
HPRegen 0.20/turn               i - +4 ring of protection
MPRegen 0.20/turn               q - ring of protection from fire

@: wreathed by umbra, unable to read, very quick
A: very small, no large weapons, unfitting armour, see invisible, speed 3,
berserk 2, deformed body, deterioration 1, low MP 2, weak 1, no potion heal 2,
inability to read while threatened 1, devolution 1
a: Renounce Religion, Shadow Step, Shadow Form


You were in the Dungeon.
You worshipped Dithmenos.
Dithmenos was exalted by your worship.
You visited 1 branch You collected 4310 gold pieces.
You spent 2410 gold pieces at shops.

Inventory:

Hand Weapons
 a - a +1 dagger
 r - the +8 quick blade of Heibekka (weapon) {venom, rPois rC- Will+ Str+4}
   (You acquired it in the Dungeon)

   It poisons the flesh of those it strikes.
   Str:       It affects your strength (+4).
   rC:        It makes you vulnerable to cold.
   rPois:     It protects you from poison.
   Will:      It increases your willpower.
Missiles
 l - 2 curare-tipped darts (quivered)
Armour
 b - a +0 robe (worn)
Jewellery
 i - a +4 ring of protection (left hand)
 q - a ring of protection from fire (right hand)
 u - a ring of magical power
 v - a ring of poison resistance
Wands
 h - a wand of flame (19)
 j - a wand of charming (11)
 n - a wand of mindburst (23)
Scrolls
 e - a scroll of vulnerability
 m - 4 scrolls of identify
 s - a scroll of blinking
 t - a scroll of poison
Potions
 c - a potion of invisibility
 d - 4 potions of curing
 f - a potion of attraction
 g - a potion of magic
 o - a potion of berserk rage
 p - a potion of cancellation
Miscellaneous
 k - a lightning rod (4/4)


   Skills:
 + Level 8.5 Fighting
 + Level 12.5 Short Blades
 + Level 1.2 Throwing
 + Level 13.9 Dodging
 O Level 27 Stealth
 + Level 15.4 Spellcasting
 + Level 3.3 Conjurations
 + Level 18.1 Hexes
 + Level 4.4 Ice Magic
 + Level 5.6 Invocations
 + Level 10.4 Evocations


You had 26 spell levels left.
You knew the following spells:

 Your Spells              Type           Power      Damage    Failure   Level
a - Ensorcelled Hibernat  Hex/Ice        96%        N/A       1%          2
b - Confusing Touch       Hex            63%        N/A       0%          3
c - Tukima's Dance        Hex            63%        N/A       0%          3
d - Dazzling Flash        Conj/Hex       92%        N/A       1%          3
e - Anguish               Hex/Necr       20%        N/A       1%          4

Your spell library contained the following spells:

 Spells                   Type           Power      Damage    Failure   Level
 Slow                     Hex            100%       N/A       0%          1
 Metabolic Englaciation   Hex/Ice        24%        N/A       1%          5
 Shock                    Conj/Air       68%        1d7       2%          1
 Summon Mana Viper        Hex/Summ       41%        N/A       3%          5
 Yara's Violent Unravell  Hex/Tmut       20%        3d9       3%          5
 Spider Form              Tmut/Pois      12%        N/A       16%         3
 Swiftness                Air            12%        N/A       16%         3
 Airstrike                Air            6%         N/A       45%         4


Dungeon Overview and Level Annotations

Branches:
Dungeon (1/1)

Altars:
Cheibriados
Dithmenos
Elyvilon
Fedhas
Gozag
Hepliaklqana
Kikubaaqudgha
Makhleb
Nemelex Xobeh
Okawaru
Qazlal
Ru
Sif Muna
Trog
Uskayaw
Vehumet
Wu Jian
Xom
Yredelemnul
Zin
The Shining One
Jiyva
Lugonu

Shops:
D ==[*(:=((:?:[!?!*==[:(

Annotations:
D exclusion: oklob plant, Tiamat


Innate Abilities, Weirdness & Mutations

You are very small and have problems with some larger weapons.
You are too small for most types of armour.
You have supernaturally acute eyesight. (SInv)
You cover ground extremely quickly. (Speed+++)
You have an uncontrollable temper.
Armour fits poorly on your strangely shaped body.
Your body sometimes deteriorates upon taking damage.
Your magical capacity is very low. (-20% MP)
You are weak. (Str -2)
Potions cannot restore your health.
You occasionally lose the ability to read scrolls when taking damage.
You have hidden genetic defects.


Message History

Casting: Ensorcelled Hibernation (safe; 1% risk of failure)
Confirm with . or Enter, or press ? or * to list all spells.
Casting: Dazzling Flash (safe; 1% risk of failure)
Press: ? - help, Dir - look around, f - activate The deep elf master archer is dazzled.
The deep elf master archer wields a +0 longbow.
The deep elf master archer shoots an arrow.
The arrow completely misses you.
Unknown command.
Unknown command.
Unknown command.
Casting: Dazzling Flash (safe; 1% risk of failure)
Confirm with . or Enter, or press ? or * to list all spells.
Okay, then.
Okay, then.
Throw: 4 darts (curare)
Press: ? - help, Q - select action, (/) - cycle Shift-Dir - straight line, f - deep elf master archer
Aim: a deep elf master archer, wielding a +0 longbow and wearing a +0 leather armour (blind, umbra, 51% to hit)
You throw a curare-tipped dart.
The curare-tipped dart barely misses the deep elf master archer.
The deep elf master archer shoots an arrow.
The arrow misses you.
The deep elf master archer shoots an arrow.
The arrow hits you!!
You feel threatened and lose the ability to read scrolls!
* * * LOW HITPOINT WARNING * * *
Your body deteriorates!
You feel weakened.
You emit a cloud of dark smoke.
Throw: 3 darts (curare)
Press: ? - help, Q - select action, (/) - cycle Shift-Dir - straight line, f/p - deep elf master archer
Aim: a deep elf master archer, wielding a +0 longbow and wearing a +0 leather armour (blind, umbra, 51% to hit)
You throw a curare-tipped dart.
The curare-tipped dart hits the deep elf master archer.
The deep elf master archer is poisoned.
The deep elf master archer convulses.
The deep elf master archer seems to slow down.
The deep elf master archer is lightly wounded.
The deep elf master archer shoots an arrow.
The arrow hits you!!!
Ouch! That really hurt!
You die...

.#M≈..#....§§§.....#.#
.###..#....§}......#$#
.#.'..##...§......##.#
'#^##'##...§......#$.#
.#.#≈≈≈##........##$.#
## #≈≈≈≈##..).).##○$.#
#≈≈≈≈≈########○☼°.#
####≈≈§≈#≈≈≈≈≈#§§.°.#
#..#D≈≈≈'≈≈.≈≈○@§.☼$#
#$$(##≈≈#≈≈≈e≈#≈°○..#
#$$..######(#####○≈≈#
#$$..# ≈≈≈≈≈ ##≈≈#
###### ≈≈≈≈ ≈ ≈≈≈#
'$..≈ ≈#≈≈# #..$ ≈≈#≈#
#### # ####


You could see a deep elf master archer (blind, very poisoned, slow).

Vanquished Creatures
  the Lernaean hydra (D)
  A golden dragon (D)
  A shadow dragon (D)
  4 fire giants (D)
  A deep elf annihilator (D)
  A hydra (D)
  2 centaur warriors (D)
  Sonja (D)
  A deep troll (D)
  A lindwurm (D)
  An oklob plant (D)
  8 shining eyes (D)
  2 merfolk sirens (D)
  2 gargoyles (D)
  4 demonic crawlers (D)
  7 unseen horrors (D)
  2 kobold demonologists (D)
  A hellwing (D)
  5 hornets (D)
  A slime creature (D)
  Sigmund (D)
  13 hogs (D)
  A yak (D)
  2 redbacks (D)
  7 floating eyes (D)
  An ogre (D)
  7 necrophages (D)
  8 jellies (D)
  Ijyb (D)
  2 ballistomycete spores (D)
90 creatures vanquished.

Vanquished Creatures (others)
  A dancing weapon (D)
1 creature vanquished.

Grand Total: 91 creatures vanquished

Notes
Turn   | Place    | Note
-------+----------+-------------------------------------------
     0 | D        | mhtbhm the Spriggan Enchanter began the quest for the Orb.
     0 | D        | Reached XP level 1. HP: 9/9 MP: 5/5
     2 | D        | Noticed Ijyb
    14 | D        | Killed Ijyb
    15 | D        | Reached skill level 6 in Stealth
    15 | D        | Reached skill level 5 in Hexes
    15 | D        | Reached XP level 2. HP: 13/13 MP: 5/7
    40 | D        | Learned a level 2 spell: Ensorcelled Hibernation
    48 | D        | Noticed an ogre
    62 | D        | Killed an ogre
    63 | D        | Reached skill level 8 in Stealth
    63 | D        | Reached skill level 5 in Spellcasting
    63 | D        | Reached XP level 3. HP: 16/16 MP: 4/10
    63 | D        | Reached XP level 4. HP: 21/21 MP: 4/12
   205 | D        | Noticed Sigmund
   208 | D        | Killed Sigmund
   209 | D        | Reached skill level 5 in Dodging
   209 | D        | Reached skill level 11 in Stealth
   209 | D        | Reached skill level 1 in Ice Magic
   209 | D        | Reached XP level 5. HP: 25/25 MP: 13/15
   209 | D        | Reached XP level 6. HP: 29/29 MP: 13/16
   222 | D        | Found an ornate altar of the Wu Jian Council.
   222 | D        | Found a shimmering blue altar of Sif Muna.
   224 | D        | Found a radiant altar of Vehumet.
   229 | D        | Reached skill level 10 in Hexes
   230 | D        | Found Duwkuos's General Store.
   230 | D        | Found an ancient bone altar of Kikubaaqudgha.
   230 | D        | Found a hazy altar of Hepliaklqana.
   230 | D        | Found a stormy altar of Qazlal.
   230 | D        | Found a hide-covered altar of Uskayaw.
   230 | D        | Found a blossoming altar of Fedhas.
   230 | D        | Found a bloodstained altar of Trog.
   230 | D        | Found an iron altar of Okawaru.
   230 | D        | Found a basalt altar of Yredelemnul.
   230 | D        | Found a glowing golden altar of the Shining One.
   230 | D        | Found a snail-covered altar of Cheibriados.
   230 | D        | Found a sacrificial altar of Ru.
   230 | D        | Found a glowing silver altar of Zin.
   230 | D        | Found a shadowy altar of Dithmenos.
   230 | D        | Found a white marble altar of Elyvilon.
   230 | D        | Noticed a yak
   231 | D        | Found an opulent altar of Gozag.
   232 | D        | Killed a yak
   233 | D        | Reached skill level 12 in Stealth
   233 | D        | Found a sparkling altar of Nemelex Xobeh.
   241 | D        | Became a worshipper of Dithmenos the Shadowed
   246 | D        | Learned a level 3 spell: Confusing Touch
   250 | D        | Learned a level 3 spell: Tukima's Dance
   254 | D        | Learned a level 3 spell: Dazzling Flash
   316 | D        | Found a burning altar of Makhleb.
   316 | D        | Found a viscous altar of Jiyva.
   316 | D        | Found a shimmering altar of Xom.
   316 | D        | Found a corrupted altar of Lugonu.
   316 | D        | Noticed a slime creature
   319 | D        | Killed a slime creature
   320 | D        | Reached skill level 13 in Stealth
   320 | D        | Reached XP level 7. HP: 32/32 MP: 17/19
   352 | D        | Bought a lightning rod (4/4) for 300 gold pieces
   373 | D        | Noticed Sonja
   377 | D        | Killed Sonja
   378 | D        | Reached skill level 1 in Fighting
   378 | D        | Reached skill level 5 in Short Blades
   378 | D        | Reached skill level 15 in Stealth
   378 | D        | Reached XP level 8. HP: 37/37 MP: 20/22
   396 | D        | Found Jeogogesse's Jewellery Boutique.
   416 | D        | Noticed a deep troll
   420 | D        | Killed a deep troll
   420 | D        | Reached * piety under Dithmenos
   421 | D        | Reached skill level 17 in Stealth
   430 | D        | Found Zoxecuo's Armour Emporium.
   447 | D        | Identified the +2 long sword of Distant Worlds {venom,
                  | rCorr Int+4}
   550 | D        | Noticed a kobold demonologist
   551 | D        | Noticed a kobold demonologist
   554 | D        | Killed a kobold demonologist
   555 | D        | Reached skill level 18 in Stealth
   555 | D        | Reached skill level 10 in Spellcasting
   555 | D        | Reached XP level 9. HP: 41/41 MP: 22/24
   556 | D        | Killed a kobold demonologist
   556 | D        | Reached ** piety under Dithmenos
   583 | D        | Noticed a centaur warrior
   583 | D        | Noticed a centaur warrior
   584 | D        | Killed a centaur warrior
   585 | D        | Reached skill level 19 in Stealth
   585 | D        | Killed a centaur warrior
   586 | D        | Reached skill level 20 in Stealth
   586 | D        | Reached skill level 15 in Hexes
   596 | D        | Reached *** piety under Dithmenos
   607 | D        | Noticed an oklob plant
   609 | D        | Killed an oklob plant
   610 | D        | Reached skill level 21 in Stealth
   610 | D        | Reached XP level 10. HP: 46/46 MP: 24/26
   646 | D        | Reached **** piety under Dithmenos
   647 | D        | Reached skill level 22 in Stealth
   689 | D        | Reached ***** piety under Dithmenos
   705 | D        | Reached skill level 23 in Stealth
   845 | D        | Reached ****** piety under Dithmenos
   857 | D        | Identified the +5 ring mail "Peatiqut" {rF+}
   867 | D        | Found Wopnox Vaih's Weapon Shoppe.
   867 | D        | Found Puerch's Jewellery Shop.
   867 | D        | Found Plog's Weapon Boutique.
   869 | D        | Found Wiesotoolu's Book Emporium.
   869 | D        | Found Nauphiqo's Magic Scroll Shop.
   869 | D        | Found Joater's Book Shoppe.
   869 | D        | Found Wik Lyd's Armour Boutique.
   869 | D        | Found Sacehe's Distillery.
   869 | D        | Found Bekucadgh's Magic Scroll Shop.
   869 | D        | Found Agguka Qyll's Distillery.
   873 | D        | Found Hosyosie's Assorted Antiques.
   874 | D        | Found Wioluar's Jewellery Emporium.
   874 | D        | Found Acsuumel's Jewellery Boutique.
   875 | D        | Found Qisy's Book Emporium.
   883 | D        | Bought a ring of protection from fire for 300 gold pieces
   905 | D        | Bought a scroll of acquirement for 624 gold pieces
   911 | D        | Acquired the +8 quick blade of Heibekka {venom, rPois rC-
                  | Will+ Str+4}
  1011 | D        | Noticed a gargoyle
  1029 | D        | Killed a gargoyle
  1239 | D        | Reached skill level 1 in Evocations
  1394 | D        | Noticed a lindwurm
  1398 | D        | Killed a lindwurm
  1407 | D        | Reached skill level 1 in Conjurations
  1408 | D        | Reached skill level 24 in Stealth
  1411 | D        | Reached XP level 11. HP: 52/52 MP: 28/28
  1484 | D        | Noticed a 12-headed hydra
  1486 | D        | Killed a 12-headed hydra
  1487 | D        | Reached skill level 25 in Stealth
  1552 | D        | Noticed a shadow dragon
  1553 | D        | Noticed a golden dragon
  1554 | D        | Killed a shadow dragon
  1556 | D        | Killed a golden dragon
  1557 | D        | Reached skill level 26 in Stealth
  1619 | D        | Found Byozamyp's Antique Weapon Shoppe.
  1643 | D        | Learned a level 4 spell: Anguish
  1678 | D        | Identified the +7 tower shield of Muttered Phrases {rElec
                  | rPois}
  1678 | D        | Noticed a daeva
  1687 | D        | Reached skill level 27 in Stealth
  1695 | D        | Reached skill level 10 in Dodging
  1717 | D        | Reached skill level 1 in Invocations
  1717 | D        | Reached skill level 5 in Evocations
  1747 | D        | Noticed a fire giant
  1748 | D        | Noticed a fire giant
  1748 | D        | Noticed a fire giant
  1748 | D        | Noticed a fire giant
  1749 | D        | Killed a fire giant
  1750 | D        | Reached skill level 5 in Fighting
  1750 | D        | Reached skill level 10 in Short Blades
  1751 | D        | Killed a fire giant
  1752 | D        | Reached XP level 12. HP: 51/60 MP: 22/31
  1753 | D        | Killed a fire giant
  1755 | D        | Killed a fire giant
  1756 | D        | Reached skill level 15 in Spellcasting
  1777 | D        | Found the +4 dragonskin cloak
  1777 | D        | Noticed Tiamat
  1895 | D        | Bought a potion of curing for 30 gold pieces
  1916 | D        | Bought a ring of poison resistance for 260 gold pieces
  1985 | D        | Gained mutation: Your body sometimes deteriorates upon
                  | taking damage. [a shining eye]
  1987 | D        | Gained mutation: Potions are less effective at restoring
                  | your health. [a shining eye]
  1990 | D        | Gained mutation: You sometimes lose your temper in combat.
                  | [a shining eye]
  1991 | D        | Gained mutation: Armour fits poorly on your strangely
                  | shaped body. [a shining eye]
  1991 | D        | Gained mutation: You occasionally lose the ability to read
                  | scrolls when taking damage. [a shining eye]
  1995 | D        | Gained mutation: Your body often deteriorates upon taking
                  | damage. [a shining eye]
  1996 | D        | Paralysed by a floating eye for 3 turns
  1997 | D        | Gained mutation: You have an uncontrollable temper. [a
                  | shining eye]
  1999 | D        | Gained mutation: You are weak. (Str -2) [a shining eye]
  2000 | D        | Gained mutation: Potions cannot restore your health. [a
                  | shining eye]
  2003 | D        | Lost mutation: Your body often deteriorates upon taking
                  | damage. [a shining eye]
  2005 | D        | Gained mutation: Your magical capacity is low. (-10% MP) [a
                  | shining eye]
  2008 | D        | Gained mutation: You have hidden genetic defects. [a
                  | shining eye]
  2162 | D        | Found Haluid's Antique Weapon Shop.
  2162 | D        | Found Idwooves's Jewellery Shoppe.
  2162 | D        | Found Heojodd's Book Boutique.
  2162 | D        | Found Keifuf's Antique Armour Emporium.
  2178 | D        | Bought the Tome of Beguiling for 560 gold pieces
  2276 | D        | Bought a scroll of identify for 24 gold pieces
  2276 | D        | Bought a scroll of identify for 24 gold pieces
  2276 | D        | Bought a scroll of identify for 24 gold pieces
  2276 | D        | Bought a scroll of identify for 24 gold pieces
  2276 | D        | Bought a scroll of blinking for 90 gold pieces
  2276 | D        | Bought a scroll of identify for 24 gold pieces
  2276 | D        | Bought a scroll of blinking for 90 gold pieces
  2293 | D        | Bought a potion of flight for 36 gold pieces
  2397 | D        | Noticed a deep elf annihilator
  2399 | D        | Noticed a mummy priest
  2400 | D        | Killed a deep elf annihilator
  2406 | D        | Reached skill level 5 in Invocations
  2407 | D        | Gained mutation: Your magical capacity is very low. (-20%
                  | MP) [hidden defects]
  2684 | D        | Noticed the 27-headed Lernaean hydra
  2866 | D        | Killed the 27-headed Lernaean hydra
  2867 | D        | Reached skill level 1 in Throwing
  2867 | D        | Reached skill level 10 in Evocations
  3605 | D        | Noticed a deep elf master archer
  3612 | D        | Shot with an arrow by a deep elf master archer

Illustrated notes

Levels and vault maps discovered:
D:        dungeon_sprint_1 [red_sonja_temple_1, red_sonja_temple_small_1]

Skill      XL: |  1  2  3  4  5  6  7  8  9 10 11 12 |
---------------+-------------------------------------+-----
Dodging        | 3 4 5 6 7 8 9 11 13 | 13.9
Stealth        | 6 8 11 13 15 18 21 24 27 | 27.0
Spellcasting   | 3 5 6 8 9 10 11 12 14 15 | 15.4
Hexes          | 5 7 9 11 12 14 15 16 17 18 | 18.1
Short Blades   | 2 3 4 5 6 8 9 10 12 | 12.5
Ice Magic      | 1 2 3 4 |  4.4
Fighting       | 1 2 3 5 8 |  8.5
Evocations     | 2 6 10 | 10.4
Conjurations   | 1 2 3 |  3.3
Invocations    | 1 5 |  5.6
Throwing       | 1 |  1.2

Action                   |  1- 3 |  4- 6 |  7- 9 | 10-12 || total
-------------------------+-------+-------+-------+-------++-------
Melee: Dagger            |    10 |     4 |    10 |    52 ||    76
       Quick blade       |       |       |       |   132 ||   132
       Punch             |       |       |       |     3 ||     3
Throw: Dart              |       |       |       |     5 ||     5
 Cast: Ensorcelled Hiber |     3 |       |       |     3 ||     6
       Dazzling Flash    |       |       |       |     9 ||     9
       Confusing Touch   |       |       |       |     7 ||     7
       Tukima's Dance    |       |       |       |     4 ||     4
Invok: Shadow Step       |       |       |       |     7 ||     7
Evoke: Lightning rod     |       |       |     1 |    16 ||    17
       Wand              |       |       |       |     1 ||     1
  Use: Potion            |     2 |       |       |     4 ||     6
       Scroll            |       |       |     1 |     7 ||     8
 Stab: Sleeping          |     2 |     4 |     9 |    38 ||    53
       Confused          |       |       |       |     7 ||     7
       Invisible         |       |       |       |     5 ||     5
       Distracted        |       |       |       |     1 ||     1
Armor: Robe              |     1 |       |       |     4 ||     5
Dodge: Dodged            |     5 |       |       |   104 ||   109

Table legend: (Time is in decaauts)
 A = Elapsed time spent in this place.
 B = Non-inter-level travel time spent in this place.
 C = Inter-level travel time spent in this place.
 D = Time resting spent in this place.
 E = Time spent auto-exploring this place.
 F = Levels seen in this place.
 G = Mean time per level.
                   A        B        C        D        E       F      G
               +--------+--------+--------+--------+--------+-----+--------+
         Total |   2985 |   2954 |     31 |   1759 |      0 |   1 | 2985.0 |
       Dungeon |   2985 |   2954 |     31 |   1759 |      0 |   1 | 2985.0 |
               +--------+--------+--------+--------+--------+-----+--------+

Top non-repeatable levels by time:
       D: 2985 daAuts
